 Dungeon Crawl Stone Soup version 0.29-a0-270-g1586fc07ea (webtiles) character file.

Game seed: 13705147197625706130

98 Crownlay the Digger (level 4, 0/29 HPs)
             Began as an Octopode Earth Elementalist on Mar 7, 2022.
             Succumbed to an orc's poison
             ... on level 3 of the Dungeon.
             The game lasted 00:03:10 (2941 turns).

Crownlay the Digger (Octopode Earth Elementalist)   Turns: 2941, Time: 00:03:11

Health: 0/29       AC:  1    Str:  7    XL:     4   Next: 69%
Magic:  8/9        EV: 13    Int: 19    God:
Gold:   71         SH:  0    Dex: 12    Spells: 3/9 levels left

rFire   . . .      SeeInvis .   e - +2 dagger (venom)
rCold   . . .      Faith    .   (no shield)
rNeg    . . .      Spirit   .   (helmet restricted)
rPois   .          Reflect  .   (no amulet)
rElec   .          Harm     .   (no ring)
rCorr   .          Rampage  .   (no ring)
Will    .....                   (no ring)
Stlth   +++.......              (no ring)
HPRegen 0.09/turn               (no ring)
MPRegen 0.11/turn               (no ring)
                                (no ring)
                                (no ring)

@: lethally poisoned (0 -> -33)
A: almost no armour, amphibious, 8 rings, camouflage 1, gelatinous body 1,
(nimble swimmer 1), tentacles
a: no special abilities


You were on level 3 of the Dungeon.
You visited 1 branch of the dungeon, and saw 3 of its levels.

You collected 71 gold pieces.

Inventory:

Hand Weapons
 e - a +2 dagger of venom (weapon)
Missiles
 a - 80 stones
Scrolls
 c - 2 scrolls of noise {unknown}
 d - a scroll of magic mapping {unknown}
 h - a scroll of amnesia {unknown}
 i - 3 scrolls of teleportation {unknown}
 n - a scroll of blinking {unknown}
Potions
 b - a potion of magic
 f - a potion of flight {unknown}
 g - a potion of heal wounds {unknown}
 j - 2 potions of curing {unknown}
 k - a potion of attraction {unknown}
 l - a potion of degeneration {unknown}
 m - a potion of resistance {unknown}


   Skills:
 + Level 2.0 Fighting
 - Level 2.0 Dodging
 - Level 2.6 Stealth
 * Level 3.4 Spellcasting
 - Level 1.0 Transmutations
 * Level 3.6 Earth Magic


You had 3 spell levels left.
You knew the following spells:

 Your Spells              Type           Power      Damage    Failure   Level
a - Sandblast             Erth           32%        2d9       3%          1
b - Passwall              Tmut/Erth      9%         N/A       9%          2
c - Ignite Poison         Fire/Tmut/Pois 4%         N/A       36%         3

Your spell library contained the following spells:

 Spells                   Type           Power      Damage    Failure   Level
 Stone Arrow              Conj/Erth      20%        3d8       22%         3
 Conjure Flame            Conj/Fire      3%         6-21      41%         3
 Petrify                  Tmut/Erth      11%        N/A       50%         4
 Sticky Flame             Conj/Fire      3%         2d3       82%         4


Dungeon Overview and Level Annotations

Branches:
Dungeon (3/15)

Altars:

Annotations:
D:3 1 transporter


Innate Abilities, Weirdness & Mutations

You cannot wear most types of armour.
You are amphibious.
You can wear up to eight rings at the same time.
Your skin changes colour to match your surroundings (Stealth+).
Your rubbery body absorbs attacks. (AC +1, EV +1)
((You are camouflaged when in or above water. (Stealth+)))
You have tentacles for arms and can constrict up to eight enemies at once.


Message History

The helpless ball python fails to defend itself.
You puncture the ball python!
You kill the ball python!
The adder hisses angrily.
You hear a shout!
The adder bites you. The adder completely misses you.
A goblin comes into view. It is wielding a +0 dagger of draining.
You closely miss the adder. You grab the adder. You squeeze the adder.
The adder is lightly wounded.
You constrict the adder. The adder bites you.
You barely miss the adder.
The adder is lightly wounded.
You constrict the adder. The adder bites you.
You are poisoned.
The adder poisons you! The orc closely misses you.
You hit the adder.
The adder is poisoned.
You squeeze the adder.
The adder is severely wounded.
You constrict the adder.
You feel sick. The adder bites you.
You are more poisoned.
The adder poisons you!
The orc hits you with a +2 hand axe of venom.
You are lethally poisoned!
You hit the adder.
The adder is almost dead.
You constrict the adder.
You kill the adder!
You feel very sick.
The orc hits you with a +2 hand axe of venom.
* * * LOW HITPOINT WARNING * * *
You are more poisoned.
Your Fighting skill increases to level 2!
You are too injured to fight recklessly!
You are too injured to fight recklessly!
Casting: Sandblast (safe; 3% risk of failure)
Confirm with . or Enter, or press ? or * to list all spells.
Aiming: Sandblast (safe; 3% risk of failure)
Press: ? - help, Shift-Dir - straight line, f - orc
Aim: an orc, wielding a +2 hand axe of venom (79% to hit)
The blast of sand hits the orc!
You kill the orc!
You die...

### #.. ####.# ## #
....# #. .## #..#
.##.. ######
#..######g.#
.....###......##@>#
..>....##.###..)##...#
.....#.##.##..#.#
#....
†.........##.#..# .#.
...^..##.........
##.##.##.###.#.###
#........ ..#.# ###.#
#..# ###.###........
...# #..# #.#
#.#####.# #..# #..#


You could see a goblin.

Vanquished Creatures
  4 adders
  A dart slug (D:1)
  An orc (D:3)
  7 endoplasms
  4 giant cockroaches
  4 goblins
  6 hobgoblins
  11 kobolds
  3 quokkas
  5 ball pythons
  A bat (D:1)
  2 frilled lizards
  8 rats
57 creatures vanquished.

Vanquished Creatures (others)
  A plant (D:2)
1 creature vanquished.

Grand Total: 58 creatures vanquished

Notes
Turn   | Place    | Note
-------+----------+-------------------------------------------
     0 | D:1      | Crownlay the Octopode Earth Elementalist began the quest
                  | for the Orb.
     0 | D:1      | Reached XP level 1. HP: 11/11 MP: 3/3
   185 | D:1      | Reached XP level 2. HP: 18/18 MP: 5/5
   613 | D:1      | Reached skill level 1 in Fighting
   746 | D:1      | Reached XP level 3. HP: 20/23 MP: 7/7
   814 | D:1      | Found a faded altar of an unknown god.
  1667 | D:2      | Learned a level 2 spell: Passwall
  1671 | D:2      | Learned a level 3 spell: Ignite Poison
  1912 | D:2      | Reached XP level 4. HP: 28/28 MP: 8/8
  2527 | D:3      | Found a transporter.
  2941 | D:3      | Succumbed to an orc's poison

Illustrated notes

Levels and vault maps discovered:
D:1:      lightli_arrival_quake, layout_basic,
          hellmonk_ecumenical_altar_slurped_away
D:2:      layout_basic, serial_forest, infiniplex_forest_clump_long,
          infiniplex_forest_straight_4, infiniplex_forest_end_3,
          infiniplex_forest_zigzag_1, infiniplex_forest_lined_ring,
          infiniplex_forest_straight_4, infiniplex_forest_end_2,
          minmay_misc_feat_more_columns
D:3:      layout_loops_ring, nicolae_qazlal_eye_of_the_storm,
          gammafunk_ghost_mausoleum, st_stairs_7

Skill      XL: |  1  2  3  4 |
---------------+-------------+-----
Fighting       | 1 2 |  2.0
Spellcasting   | 3 |  3.4
Dodging        | |  2.0
Stealth        | |  2.6
Transmutations | |  1.0
Earth Magic    | |  3.6

Action                   |  1- 3 |  4- 6 || total
-------------------------+-------+-------++-------
Melee: Dagger            |    71 |    39 ||   110
       Constrict         |    14 |     7 ||    21
       Tentacles         |    15 |    10 ||    25
       Punch             |     1 |       ||     1
 Cast: Sandblast         |     1 |     1 ||     2
 Stab: Sleeping          |    13 |     6 ||    19
Armor: Skin              |     1 |       ||     1
Dodge: Dodged            |    31 |    11 ||    42

Table legend: (Time is in decaauts)
 A = Elapsed time spent in this place.
 B = Non-inter-level travel time spent in this place.
 C = Inter-level travel time spent in this place.
 D = Time resting spent in this place.
 E = Time spent auto-exploring this place.
 F = Levels seen in this place.
 G = Mean time per level.
                   A        B        C        D        E       F      G
               +--------+--------+--------+--------+--------+-----+--------+
         Total |   2939 |   2877 |     62 |    231 |   2228 |   3 |  979.7 |
       Dungeon |   2939 |   2877 |     62 |    231 |   2228 |   3 |  979.7 |
               +--------+--------+--------+--------+--------+-----+--------+

Top non-repeatable levels by time:
     D:2: 1428 daAuts
     D:1: 934 daAuts
     D:3: 576 daAuts
